General information
- name: BNet
- type: Ladder team game (AT/RT)
- host: Battle.net
- saver: P.U.S.H.E.R
map: DragonFalls
- players: 8
- length: 39:56
- speed: Fast
- version: 1.28 W3XP
- replay type: Public
» download(310 KB)
Players
team 1 (loser)
MajorRuckus (
red | 81 APM | 3226 actions | 39:55)
6 Mountain King
3 Storm Bolt
2 Bash
1 Avatar
4 Demon Hunter
2 Mana Burn
2 Evasion
» actions
| Assign group hotkey | 81 | |
| Basic commands | 44 | |
| Build / train | 113 | |
| Enter build submenu | 32 | |
| Enter hero's abilities submenu | 10 | |
| Give item / drop item | 3 | |
| Remove unit from queue | 1 | |
| Right click | 1706 | |
| Select / deselect | 511 | |
| Select group hotkey | 605 | |
| Use ability | 120 | |
3226 total
» units
| Peasant | 18 | |
| Wisp | 13 | |
| Archer | 13 | |
| Footman | 3 | |
| Hippogryph | 8 | |
| Goblin Shredder | 1 | |
| Goblin Zeppelin | 1 | |
| Knight | 12 | |
69 total
» upgrades
| Masonry | 1 | |
| Hippogryph Taming | 1 | |
| Improved Bows | 1 | |
| Animal War Training | 1 | |
| Strength of the Moon | 1 | |
| Moon Armor | 1 | |
| Swords | 3 | |
| Plating | 3 | |
| Well Spring | 1 | |
13 total
» buildings
| Altar of Kings | 1 | |
| Scout Tower | 6 | |
| Lumber Mill | 1 | |
| Farm | 15 | |
| Altar of Elders | 1 | |
| Moon Well | 10 | |
| Arcane Tower | 3 | |
| Guard Tower | 4 | |
| Ancient of War | 1 | |
| Barracks | 3 | |
| Hunter's Hall | 1 | |
| Tree of Ages | 1 | |
| Keep | 1 | |
| Ancient Protector | 1 | |
| Town Hall | 3 | |
| Castle | 1 | |
| Ancient of Wind | 2 | |
| Blacksmith | 2 | |
| Tree of Eternity | 1 | |
58 total
» build order
00:23 Altar of Kings
00:36 Scout Tower
00:44 Lumber Mill
00:54 Farm
01:05 Altar of Elders
01:13 Moon Well
01:14 Moon Well
01:16 Moon Well
01:25 Arcane Tower
01:33 Scout Tower
01:47 Scout Tower
01:53 Farm
02:01 Guard Tower
02:16 Moon Well
02:32 Ancient of War
02:41 Arcane Tower
02:41 Arcane Tower
02:57 Barracks
03:09 Scout Tower
03:11 Scout Tower
03:12 Scout Tower
03:28 Moon Well
03:33 Hunter's Hall
03:38 Guard Tower
03:56 Tree of Ages
04:09 Barracks
04:11 Guard Tower
04:22 Keep
05:01 Guard Tower
05:58 Ancient Protector
06:35 Town Hall
06:48 Castle
06:57 Ancient of Wind
06:57 Ancient of Wind
08:30 Blacksmith
08:48 Moon Well
08:49 Moon Well
08:51 Moon Well
09:28 Farm
09:28 Farm
09:29 Farm
11:39 Moon Well
11:40 Moon Well
12:20 Farm
12:21 Farm
12:21 Farm
12:21 Farm
12:22 Farm
12:22 Farm
12:28 Farm
12:28 Farm
12:28 Farm
12:28 Farm
13:02 Tree of Eternity
13:23 Blacksmith
13:41 Barracks
21:01 Town Hall
24:07 Town Hall
» items
| Periapt of Vitality | 1 | |
| Dust of Appearance | 1 | |
| Boots of Speed | 1 | |
| Scroll of Healing | 1 | |
| Potion of Lesser Invulnerability | 1 | |
5 total
RebelYell (
purple | 43 APM | 1719 actions | 39:55)
5 Archmage
3 Summon Water Elemental
2 Brilliance Aura
1 Goblin Tinker
1 Engineering Upgrade
» actions
| Assign group hotkey | 47 | |
| Basic commands | 189 | |
| Build / train | 87 | |
| Enter build submenu | 36 | |
| Enter hero's abilities submenu | 7 | |
| Give item / drop item | 6 | |
| Right click | 511 | |
| Select / deselect | 426 | |
| Select group hotkey | 321 | |
| Use ability | 89 | |
1719 total
» units
| Peasant | 12 | |
| Footman | 4 | |
| Goblin Shredder | 2 | |
| Goblin Zeppelin | 4 | |
| Gryphon Rider | 11 | |
| Green Dragon | 2 | |
| Goblin Sapper | 10 | |
45 total
» upgrades
| Masonry | 3 | |
| Storm Hammers | 1 | |
| Animal War Training | 1 | |
| Swords | 3 | |
| Armor | 3 | |
| Cloud | 1 | |
12 total
» buildings
| Altar of Kings | 1 | |
| Barracks | 1 | |
| Farm | 10 | |
| Scout Tower | 18 | |
| Lumber Mill | 1 | |
| Arcane Tower | 1 | |
| Keep | 1 | |
| Arcane Vault | 1 | |
| Town Hall | 2 | |
| Guard Tower | 4 | |
| Castle | 1 | |
| Gryphon Aviary | 4 | |
| Blacksmith | 2 | |
47 total
» build order
00:50 Altar of Kings
00:51 Barracks
00:53 Farm
00:55 Farm
01:18 Farm
02:02 Scout Tower
02:18 Lumber Mill
02:39 Arcane Tower
03:52 Keep
04:09 Arcane Vault
04:17 Town Hall
04:47 Scout Tower
04:47 Scout Tower
04:50 Scout Tower
04:51 Scout Tower
04:54 Scout Tower
05:44 Guard Tower
06:13 Castle
08:17 Gryphon Aviary
08:18 Gryphon Aviary
08:18 Gryphon Aviary
08:38 Gryphon Aviary
08:42 Blacksmith
08:45 Blacksmith
08:47 Farm
08:49 Farm
10:55 Guard Tower
10:59 Scout Tower
10:59 Scout Tower
11:00 Scout Tower
11:01 Scout Tower
11:01 Scout Tower
11:03 Scout Tower
11:04 Scout Tower
11:06 Scout Tower
11:08 Scout Tower
11:09 Scout Tower
11:10 Scout Tower
11:10 Scout Tower
11:48 Farm
11:49 Farm
11:50 Farm
11:51 Farm
12:45 Guard Tower
14:15 Guard Tower
14:54 Town Hall
37:31 Farm
» items
| Scroll of Regeneration | 1 | |
| Mechanical Critter | 2 | |
| Staff of Teleportation | 3 | |
| Periapt of Vitality | 1 | |
| Potion of Lesser Invulnerability | 1 | |
| Scroll of Town Portal | 4 | |
| Boots of Speed | 2 | |
14 total
not_going_necs (
green | 61 APM | 2439 actions | 39:55)
6 Blademaster
3 Wind Walk
2 Critical Strike
1 Bladestorm
3 Tauren Chieftain
2 Endurance Aura
1 Shockwave
» actions
| Assign group hotkey | 31 | |
| Basic commands | 227 | |
| Build / train | 66 | |
| ESC pressed | 3 | |
| Enter build submenu | 19 | |
| Enter hero's abilities submenu | 9 | |
| Right click | 1240 | |
| Select / deselect | 325 | |
| Select group hotkey | 439 | |
| Use ability | 80 | |
2439 total
» units
| Peon | 7 | |
| Grunt | 6 | |
| Raider | 4 | |
| Troll Batrider | 14 | |
| Demolisher | 5 | |
| Kodo Beast | 1 | |
37 total
» upgrades
| Spiked Barricades | 1 | |
| Berserker Strength | 1 | |
| Ensnare | 1 | |
| Pillage | 1 | |
| Liquid Fire | 1 | |
| Burning Oil | 1 | |
6 total
» buildings
| Altar of Storms | 1 | |
| Orc Burrow | 8 | |
| Barracks | 1 | |
| Voodoo Lounge | 1 | |
| War Mill | 1 | |
| Stronghold | 1 | |
| Beastiary | 2 | |
| Great Hall | 2 | |
| Fortress | 1 | |
18 total
» build order
00:04 Altar of Storms
00:13 Orc Burrow
00:49 Barracks
01:28 Orc Burrow
01:54 Voodoo Lounge
03:28 War Mill
04:08 Stronghold
04:17 Orc Burrow
06:51 Beastiary
08:45 Orc Burrow
09:26 Orc Burrow
12:37 Great Hall
13:44 Beastiary
13:57 Fortress
14:59 Orc Burrow
14:59 Orc Burrow
16:06 Orc Burrow
19:51 Great Hall
» items
| Healing Salve | 6 | |
| Lesser Clarity Potion | 2 | |
| Scroll of Town Portal | 1 | |
| Scroll of Speed | 1 | |
10 total
mtl514 (
orange | 21 APM | 18 actions | 00:52)
» actions
| Build / train | 4 | |
| Enter build submenu | 1 | |
| Right click | 3 | |
| Select / deselect | 9 | |
| Use ability | 1 | |
18 total
» units
team 2 (winner)
SverrirHolm (
pink | 59 APM | 363 actions | 06:08)
2 Paladin
1 Holy Light
1 Devotion Aura
» actions
| Assign group hotkey | 24 | |
| Basic commands | 2 | |
| Build / train | 32 | |
| Enter build submenu | 12 | |
| Enter hero's abilities submenu | 2 | |
| Remove unit from queue | 1 | |
| Right click | 67 | |
| Select / deselect | 140 | |
| Select group hotkey | 61 | |
| Use ability | 22 | |
363 total
» units
» upgrades
» buildings
| Farm | 4 | |
| Altar of Kings | 1 | |
| Barracks | 2 | |
| Scout Tower | 1 | |
| Arcane Tower | 1 | |
| Arcane Vault | 1 | |
| Town Hall | 1 | |
11 total
» build order
00:12 Farm
00:16 Altar of Kings
00:29 Barracks
00:56 Farm
01:40 Farm
01:56 Barracks
02:13 Scout Tower
02:42 Arcane Tower
02:57 Farm
03:51 Arcane Vault
04:31 Town Hall
» items
| Lesser Clarity Potion | 2 | |
| Scroll of Regeneration | 2 | |
| Scroll of Speed | 1 | |
5 total
P.U.S.H.E.R (
blue | 127 APM | 5063 actions | 39:56)
6 Blademaster
3 Wind Walk
2 Critical Strike
1 Bladestorm
6 Shadow Hunter
2 Healing Wave
3 Hex
1 Big Bad Voodoo
2 Goblin Alchemist
1 Chemical Rage
1 Acid Bomb
» actions
| Assign group hotkey | 141 | |
| Basic commands | 284 | |
| Build / train | 156 | |
| ESC pressed | 2 | |
| Enter build submenu | 85 | |
| Enter hero's abilities submenu | 14 | |
| Give item / drop item | 6 | |
| Right click | 1610 | |
| Select / deselect | 741 | |
| Select group hotkey | 1569 | |
| Use ability | 455 | |
5063 total
» units
| Peon | 15 | |
| Grunt | 4 | |
| Troll Headhunter/Berserker | 17 | |
| Goblin Shredder | 5 | |
| Shaman | 5 | |
| Kodo Beast | 2 | |
| Troll Witch Doctor | 2 | |
| Goblin Zeppelin | 2 | |
| Troll Batrider | 1 | |
| Spirit Walker | 1 | |
| Raider | 2 | |
| Tauren | 2 | |
58 total
» upgrades
| Berserker Strength | 1 | |
| Ranged Weapons | 3 | |
| Reinforced Defenses | 1 | |
| Berserker Upgrade | 1 | |
| Pillage | 1 | |
| Armor | 3 | |
| Spiked Barricades | 2 | |
| Shaman Training | 2 | |
| War Drums Damage Increase | 1 | |
| Troll Regeneration | 1 | |
| Witch Doctor Training | 2 | |
| Spirit Walker Training | 2 | |
| Melee Weapons | 3 | |
| Ensnare | 1 | |
| Pulverize | 1 | |
25 total
» buildings
| Orc Burrow | 11 | |
| Altar of Storms | 3 | |
| Barracks | 1 | |
| Voodoo Lounge | 2 | |
| War Mill | 1 | |
| Stronghold | 4 | |
| Watch Tower | 42 | |
| Fortress | 2 | |
| Great Hall | 4 | |
| Spirit Lodge | 2 | |
| Beastiary | 3 | |
| Tauren Totem | 2 | |
77 total
» build order
00:05 Orc Burrow
01:07 Altar of Storms
01:10 Barracks
01:14 Orc Burrow
01:39 Voodoo Lounge
02:54 War Mill
03:57 Orc Burrow
04:24 Stronghold
04:24 Stronghold
05:51 Watch Tower
05:57 Watch Tower
06:09 Watch Tower
06:58 Watch Tower
07:23 Watch Tower
07:24 Watch Tower
07:36 Watch Tower
08:15 Fortress
08:15 Fortress
08:27 Orc Burrow
09:03 Great Hall
09:26 Watch Tower
09:44 Watch Tower
10:46 Watch Tower
10:48 Watch Tower
12:14 Watch Tower
12:46 Watch Tower
12:47 Watch Tower
13:06 Watch Tower
13:07 Watch Tower
13:17 Orc Burrow
13:44 Orc Burrow
14:00 Spirit Lodge
14:10 Spirit Lodge
14:53 Beastiary
15:01 Beastiary
15:05 Beastiary
16:39 Watch Tower
19:10 Watch Tower
19:10 Watch Tower
19:26 Watch Tower
20:51 Watch Tower
20:52 Watch Tower
20:53 Watch Tower
21:41 Altar of Storms
22:35 Watch Tower
22:36 Watch Tower
22:37 Watch Tower
22:50 Watch Tower
23:36 Watch Tower
23:36 Watch Tower
23:37 Watch Tower
23:41 Great Hall
23:46 Watch Tower
24:13 Orc Burrow
24:14 Orc Burrow
24:28 Watch Tower
24:31 Watch Tower
24:34 Watch Tower
24:38 Orc Burrow
25:02 Tauren Totem
27:51 Stronghold
27:51 Stronghold
28:05 Altar of Storms
28:08 Tauren Totem
31:03 Voodoo Lounge
31:47 Orc Burrow
35:42 Great Hall
36:13 Watch Tower
36:14 Watch Tower
36:15 Watch Tower
36:47 Watch Tower
38:02 Orc Burrow
39:49 Great Hall
39:51 Watch Tower
39:52 Watch Tower
39:52 Watch Tower
39:54 Watch Tower
» items
| Healing Salve | 7 | |
| Lesser Clarity Potion | 5 | |
| Orb of Lightning | 3 | |
| Scroll of Town Portal | 1 | |
| Potion of Mana | 1 | |
| Boots of Speed | 2 | |
| Periapt of Vitality | 2 | |
| Scroll of Protection | 2 | |
| Circlet of Nobility | 1 | |
| Potion of Lesser Invulnerability | 1 | |
25 total
ambien (
teal | 14 APM | 562 actions | 39:55)
1 Blademaster
1 Wind Walk
» actions
| Assign group hotkey | 11 | |
| Basic commands | 26 | |
| Build / train | 20 | |
| ESC pressed | 1 | |
| Enter build submenu | 6 | |
| Enter hero's abilities submenu | 2 | |
| Remove unit from queue | 1 | |
| Right click | 274 | |
| Select / deselect | 195 | |
| Select group hotkey | 10 | |
| Use ability | 16 | |
562 total
» units
» buildings
| Altar of Storms | 1 | |
| Orc Burrow | 2 | |
| Barracks | 1 | |
| Voodoo Lounge | 1 | |
| Stronghold | 1 | |
6 total
» build order
00:13 Altar of Storms
00:23 Orc Burrow
01:01 Barracks
01:19 Voodoo Lounge
01:49 Orc Burrow
03:52 Stronghold
» items
| Healing Salve | 2 | |
| Lesser Clarity Potion | 1 | |
3 total
timgaf (
yellow | 61 APM | 357 actions | 05:54)
2 Blademaster
1 Wind Walk
1 Critical Strike
» actions
| Assign group hotkey | 14 | |
| Basic commands | 15 | |
| Build / train | 22 | |
| Enter build submenu | 8 | |
| Enter hero's abilities submenu | 2 | |
| Right click | 90 | |
| Select / deselect | 45 | |
| Select group hotkey | 149 | |
| Use ability | 12 | |
357 total
» units
» upgrades
» buildings
| Altar of Storms | 1 | |
| Orc Burrow | 3 | |
| Barracks | 1 | |
| Voodoo Lounge | 1 | |
| War Mill | 1 | |
| Stronghold | 1 | |
| Watch Tower | 1 | |
9 total
» build order
00:12 Altar of Storms
00:17 Orc Burrow
01:10 Barracks
01:32 Voodoo Lounge
01:43 War Mill
02:02 Orc Burrow
03:38 Stronghold
04:26 Watch Tower
04:46 Orc Burrow
» items
Chat log
(00:35 / Allies) SverrirHolm: hi
(00:38 / Allies) P.U.S.H.E.R: sup
(00:39 / Allies) timgaf: sup
(00:55 / All) timgaf: gg
(01:05 / All) P.U.S.H.E.R: surrendering already yel?
(01:25 / Allies) ambien: rush
(01:30 / Allies) P.U.S.H.E.R: I'm good ty
(01:31 / Allies) P.U.S.H.E.R: me cc
(01:34 / Allies) P.U.S.H.E.R: me not that kind of orc
(01:42 / Allies) ambien: lol they are coming dumb azz be ready
(01:57 / Allies) P.U.S.H.E.R: ass isn't censored btw
(01:58 / Allies) P.U.S.H.E.R: you can say it
(02:10 / Allies) ambien: what about TK?
(02:16 / Allies) P.U.S.H.E.R: what about tks
(02:25 / Allies) ambien: enjoy! ;)
(02:34 / Allies) P.U.S.H.E.R: bit sensitive aren'tcha
(02:37 / Allies) SverrirHolm: lets just kill em :)
(02:54 / Allies) ambien: lol waste ur time and enjoy the loss ;)
(03:02 / Allies) P.U.S.H.E.R: you're a retard
(03:05 / Allies) P.U.S.H.E.R: You won't be able to tk me
(03:21 / Allies) ambien: u take a loss either way so in essense it is a tk
(03:22 / Allies) timgaf: thx friend.
(03:22 / Allies) ambien: ;P
(03:26 / Allies) P.U.S.H.E.R: it's a fail tk
(03:33 / Allies) timgaf: stop talking about tj
(03:34 / Allies) timgaf: tk
(03:39 / Allies) P.U.S.H.E.R: Teal is pissed over nothing
(03:42 / Allies) P.U.S.H.E.R: very sensitive soul
(04:18 / Allies) P.U.S.H.E.R: ty for item
(04:22 / Allies) P.U.S.H.E.R: you're a great tker
(04:25 / Allies) ambien: lol
(05:03 / Allies) P.U.S.H.E.R: kill yourself
(05:42 / Allies) P.U.S.H.E.R: your other grunt isn't attacking
(05:43 / Allies) P.U.S.H.E.R: retard
(05:54 / Allies) P.U.S.H.E.R: you are
(06:47 / Allies) ambien: lol yeah u lost
(06:53 / Allies) P.U.S.H.E.R: you're shit at tking
(07:06 / Allies) ambien: LOL dumb ass u lost the fuckin g game
(07:09 / Allies) ambien: HAHAAH
(07:21 / Allies) P.U.S.H.E.R: you haven't killed even 1 of my units or buildings
(08:10 / Allies) P.U.S.H.E.R: work on your anger management
(08:12 / Allies) P.U.S.H.E.R: and wc3 skills
(10:29 / All) not_going_necs: lol
(14:33 / Allies) P.U.S.H.E.R: leave retard
(14:46 / All) not_going_necs: bold strategy
(28:18 / All) not_going_necs: LOL
(28:29 / All) not_going_necs: oh man
(28:31 / All) not_going_necs: nothing has changed
(28:34 / All) not_going_necs: in 15 y ears
(28:35 / All) P.U.S.H.E.R: NICE TRY
(28:39 / All) P.U.S.H.E.R: BUT THIS GAME IS MINE
(28:43 / All) P.U.S.H.E.R: IF IT MAKES YOU FEEL BETTER
(28:44 / All) not_going_necs: lololol
(28:47 / All) P.U.S.H.E.R: ALL MY ALLIES WERE TKED BY TEAL
(28:50 / All) not_going_necs: feel better?
(28:56 / All) not_going_necs: why would i need to feel better?
(29:00 / All) P.U.S.H.E.R: you aren't alone in your tk struggles this game
(29:01 / All) RebelYell: You can run but you can't hide
(29:03 / All) P.U.S.H.E.R: some people take it to heart
(29:06 / All) RebelYell: from the long arm of the law, lawbreaker
(29:08 / All) not_going_necs: lol
(29:20 / All) not_going_necs: definitely a productive u se of all of our time
(29:24 / All) not_going_necs: lolol
(29:25 / All) P.U.S.H.E.R: yeah man
(29:26 / All) P.U.S.H.E.R: I'm having fun
(29:30 / All) not_going_necs: nice
(30:42 / All) not_going_necs: argghgh
(30:45 / All) P.U.S.H.E.R: ty
(30:47 / All) P.U.S.H.E.R: sry it took a sec
(30:49 / All) P.U.S.H.E.R: needed the xp
(30:51 / All) not_going_necs: yw
(31:04 / All) not_going_necs: interesting game
(31:18 / All) not_going_necs: im gonan make something to eat
(31:36 / All) RebelYell: Got heem
(32:45 / All) RebelYell: Warcraft. Warcraft never changes.
(33:57 / All) RebelYell: got heem again
(36:47 / All) MajorRuckus: LOL. So purp is giving blue the win
(36:53 / All) P.U.S.H.E.R: I earned this
(36:56 / All) MajorRuckus: AWESOME
(36:57 / All) P.U.S.H.E.R: and I had to face a tker on my team too
(36:59 / All) MajorRuckus: You earned shit
(37:06 / All) RebelYell: He paid me money via paypal, I will honor our deal
(38:33 / All) not_going_necs: rip
(38:37 / All) RebelYell: Blue paid me 20 dollars via paypal, already cleared
(38:47 / All) P.U.S.H.E.R: that's a lie, was only 10
(38:48 / All) not_going_necs: haha
(38:48 / All) P.U.S.H.E.R: I'm not a sucker
(39:00 / All) not_going_necs: how about $1000 USD?
(39:09 / All) RebelYell: Pfft. Serious offers only
(39:13 / All) P.U.S.H.E.R: sounds legit for a wc3 win in 2018
(39:33 / All) not_going_necs: hes bot left
(39:34 / All) RebelYell: BIBIBIDIBABIDBIDSIBDIBDIBIDDBIDIBDIBDIB
(39:34 / All) not_going_necs: fyi
(39:37 / All) RebelYell: GOING ONCE
(39:40 / All) RebelYell: BIGIBIBIFBFAIDBIDABIDBIB
(39:42 / All) RebelYell: GOING TWICE
(39:42 / All) P.U.S.H.E.R: ty the map wasn't revealed from no halls
(39:44 / All) RebelYell: BIGIABIABIFBFBFBIFIB
(39:45 / All) P.U.S.H.E.R: wasn't sure where it was
(39:46 / All) RebelYell: SOLD
(39:48 / All) not_going_necs: oh yeah
(39:50 / All) RebelYell: TO DA MAN IN THE BLUE HAT